 Dungeon Crawl Stone Soup version 0.17-a0-633-gcf22183 (webtiles) character file.

356 Kisielow the Covered (level 6, -11/56 HPs)
             Began as a Minotaur Fighter on Apr 17, 2015.
             Was an Initiate of Makhleb.
             Killed from afar by namelastname112's ghost (12 damage)
             ... with a zap
             ... on level 4 of the Dungeon.
             The game lasted 00:09:21 (3280 turns).

Kisielow the Covered (Minotaur Fighter)             Turns: 3280, Time: 00:09:22

Health: -11/56     AC:  9    Str: 22    XL:     6   Next: 36%
Magic:  5/5        EV:  5    Int:  5    God:    Makhleb [......]
Gold:   126        SH:  9    Dex: 10    Spells: 0 memorised, 5 levels left

rFire  . . .     SeeInvis .     a - +1 long sword
rCold  . . .     Clarity  .     s - +0 chain mail
rNeg   + . .     SustAb   .     c - +0 shield
rPois  .         Gourm    .     l - +0 hat
rElec  .         Spirit   .     (no cloak)
rCorr  .         Warding  +     (no gloves)
rMut   .         Stasis   .     (no boots)
MR     .....                    b - amulet of warding
Stlth  ..........               (no ring)
                                f - ring of stealth

@: hasted, drained, very quick, not resistant to hostile enchantments, extremely
unstealthy
A: retaliatory headbutt, horns 2
a: Renounce Religion


You were on level 4 of the Dungeon.
You worshipped Makhleb.
Makhleb was noncommittal.
You were not hungry.

You visited 1 branch of the dungeon, and saw 4 of its levels.
You also visited: Sewer.

You collected 126 gold pieces.

Inventory:

Hand weapons
 a - a +1 long sword (weapon)
Armour
 c - a +0 shield (worn)
 l - a +0 hat (worn)
 r - a troll hide {Purgy}
 s - a +0 chain mail (worn)
Jewellery
 b - an amulet of warding (around neck)
 f - a ring of stealth (left hand)
Scrolls
 g - a scroll of teleportation
 i - 2 scrolls of identify
Potions
 e - a potion of might
 k - 2 potions of restore abilities {unknown}
 p - a potion of brilliance
 q - 2 potions of berserk rage {unknown}
 t - a potion of mutation {unknown}
 u - a potion of agility {unknown}
Books
 o - a book of Transfigurations

   Spells                             Type                      Level
   a - Stoneskin                      Transmutation/Earth          2
   b - Irradiate                      Conjuration/Transmutation    5
   c - Statue Form                    Transmutation/Earth          6
   d - Hydra Form                     Transmutation                6
   e - Dragon Form                    Transmutation                7
Comestibles
 d - 2 bread rations
 j - 2 meat rations
 n - 4 fruits


   Skills:
 * Level 5.0(4.2) Fighting
 * Level 3.9(3.1) Long Blades
 * Level 6.1(5.3) Armour
 * Level 5.3(4.5) Shields


You had 5 spell levels left.
You didn't know any spells.

Dungeon Overview and Level Annotations

Branches:
Dungeon (4/15)
 Temple: D:4-7

Altars:
Fedhas
Makhleb
Xom

Annotations:
D:4 namelastname112's ghost, experienced DrAE


Innate Abilities, Weirdness & Mutations

You reflexively headbutt those who attack you in melee.
You have a pair of horns on your head.


Message History

Space bends around you.
You closely miss namelastname112's ghost.
Namelastname112's ghost is moderately damaged.
Namelastname112's ghost points at you and mumbles some strange words.
The zap hits you!
You slash namelastname112's ghost! You headbutt namelastname112's ghost.
Namelastname112's ghost is moderately damaged.
Namelastname112's ghost hits you. Space warps horribly around you!
* * * LOW HITPOINT WARNING * * *
You are too injured to fight recklessly!
You are too injured to fight recklessly!
You are too injured to fight recklessly!
You are too injured to fight recklessly!
You are too injured to fight recklessly!
You are too injured to fight recklessly!
Drink which item? (? for menu, Esc to quit)
You feel yourself speed up.
Namelastname112's ghost gestures at you while chanting.
The zap hits you!
You die...

......................
.........
##########........####
####....> #.##...###
.(....... #####......# #.
###.###. #######......#.#.##
##..####. #.
.......)###.......###..##...
#. ############..#.......#
#.# #. #......###...#..###.#
#. ##.###### #@#.....##.# #.
#####..# ###W#..##....# ##
##.....## #.....[......##
#..##### #..#.#..##<....#
..## ......#######.######
.## ##...... #......# ##
#....... ######.. #..... .
##. ..... #.


You could see namelastname112's ghost.

Vanquished Creatures
  Purgy (Sewer)
  2 vampire bats (D:3)
  7 adders
  3 gnolls (D:2)
  3 worms
  4 orcs
  A ball python (D:1)
  15 bats
  9 hobgoblins
  10 kobolds
  3 giant cockroaches
  2 giant geckos
  6 giant newts
  8 goblins
  11 rats
85 creatures vanquished.

Notes
Turn   | Place    | Note
--------------------------------------------------------------
     0 | D:1      | Kisielow, the Minotaur Fighter, began the quest for the Orb.
     0 | D:1      | Reached XP level 1. HP: 19/19 MP: 0/0
   188 | D:1      | Reached skill level 4 in Armour
   188 | D:1      | Reached XP level 2. HP: 25/27 MP: 1/1
   859 | D:2      | Reached XP level 3. HP: 24/33 MP: 2/2
  1263 | D:2      | Found a shimmering altar of Xom.
  1265 | D:2      | Found a blossoming altar of Fedhas.
  1269 | D:2      | Reached skill level 5 in Armour
  1301 | D:2      | Reached XP level 4. HP: 37/40 MP: 3/3
  2138 | D:3      | Reached XP level 5. HP: 44/47 MP: 4/4
  2424 | D:4      | Found a burning altar of Makhleb.
  2427 | D:4      | Became a worshipper of Makhleb the Destroyer
  2579 | D:4      | Reached skill level 5 in Shields
  2706 | D:4      | Found a glowing drain.
  2712 | Sewer    | Entered a sewer
  2722 | Sewer    | Noticed Purgy
  2732 | Sewer    | Killed Purgy
  2732 | Sewer    | Reached skill level 5 in Fighting
  2732 | Sewer    | Reached skill level 6 in Armour
  2732 | Sewer    | Reached XP level 6. HP: 31/56 MP: 5/5
  3045 | D:4      | Noticed namelastname112's ghost (experienced DrAE)
  3279 | D:4      | HP: 1/56 [namelastname112's ghost (16)]
  3280 | D:4      | Killed from afar by namelastname112's ghost

Action                   |  1- 3 |  4- 6 || total
-------------------------+-------+-------++-------
Melee: Long sword        |    95 |   133 ||   228
  Use: Scroll            |       |     5 ||     5
       Potion            |       |     1 ||     1
  Eat: Chunk             |     1 |     7 ||     8
